 Dungeon Crawl Stone Soup version 0.29.0-4-gdea44cf6ec (webtiles) character file.

Game seed: 1384946628700640539

1459 qw the Cleaver (level 8, 0/70 HPs)
             Began as a Minotaur Fighter on Sept 5, 2022.
             Slain by a killer bee (4 damage)
             ... on level 6 of the Dungeon.
             The game lasted 00:02:21 (6338 turns).

qw the Cleaver (Minotaur Fighter)                   Turns: 6338, Time: 00:02:22

Health: 0/70       AC: 10    Str: 23      XL:     8   Next: 48%
Magic:  7/7        EV: 10    Int:  2 (5)  God:
Gold:   31         SH:  4    Dex:  9 (10) Spells: 7/7 levels left

rFire   + . .      SeeInvis .   Y - +0 war axe
rCold   + . .      Faith    .   c - +0 buckler
rNeg    . . .      Spirit   .   b - +0 scale mail
rPois   .          Reflect  .   (helmet unavailable)
rElec   .          Harm     .   g - scarf {rC+ rF+}
rCorr   +          Rampage  .   (no gloves)
Will    .....      Rage     3%  j - +2 pair of boots
Stlth   ..........              (no amulet)
HPRegen 0.21/turn               p - ring of resist corrosion
MPRegen 0.10/turn               (no ring)

@: lethally poisoned (0 -> -18), about to teleport
A: horns 3, retaliatory headbutt, berserk 1, wild magic 1
a: no special abilities


You were on level 6 of the Dungeon.
You visited 2 branches of the dungeon, and saw 7 of its levels.

You collected 225 gold pieces.
You spent 194 gold pieces at shops.


Innate Abilities, Weirdness & Mutations

You have a pair of large horns on your head.
You reflexively headbutt those who attack you in melee.
You sometimes lose your temper in combat.
Your spells are a little harder to cast, but a little more powerful.


   Skills:
 - Level 6.1 Fighting
 + Level 11.1 Axes
 - Level 3.6 Armour
 - Level 2.5 Dodging
 - Level 4.3 Shields


You had 7 spell levels left.
You didn't know any spells.
Your spell library was empty.

Inventory:

Hand Weapons
 r - a +1 morningstar of protection
 Y - a +0 war axe (weapon)
Armour
 b - a +0 scale mail (worn)
 c - a +0 buckler (worn)
 e - a +0 chain mail
 g - a scarf of resistance (worn)
 j - a +2 pair of boots (worn)
 k - a +0 robe of resistance
Jewellery
 p - a ring of resist corrosion (left hand)
Scrolls
 q - a scroll of identify
Potions
 a - 2 potions of haste
 d - 2 potions of might
 f - a potion of heal wounds
 i - a potion of curing
 n - 3 potions of resistance

Dungeon Overview and Level Annotations

Branches:
Dungeon (6/15)             Temple (1/1) D:5

Altars:
Cheibriados
Dithmenos
Elyvilon
Fedhas
Gozag
Kikubaaqudgha
Nemelex Xobeh
Sif Muna
Trog
Uskayaw
Vehumet
Wu Jian
Xom
Yredelemnul
Zin

Shops:
D:2 *   D:6 [

Annotations:
D:3 2 runed translucent doors, qw's ghost, amateur BaCK


Message History

The killer bee stings you but does no damage.
You block the killer bee's attack. The killer bee closely misses you.
The killer bee stings you but does no damage.
The killer bee misses you. The killer bee barely misses you.
You furiously retaliate!
You headbutt the killer bee!
The killer bee stings you but does no damage.
You closely miss the killer bee. You headbutt the killer bee.
The killer bee is almost dead.
You slash the killer bee!
You hit the killer bee but do no damage.
You barely miss the killer bee. x2; You slash the killer bee!
You kill the killer bee!
You feel very sick. The killer bee stings you.
The killer bee barely misses you. The killer bee closely misses you.
You furiously retaliate!
You headbutt the killer bee.
The killer bee stings you but does no damage.
The killer bee barely misses you. The killer bee stings you.
You are more poisoned.
The killer bee poisons you! The killer bee misses you.
The killer bee stings you. You block the killer bee's attack.
The killer bee barely misses you.
You feel your strength returning.
Your Shields skill increases to level 4!
You slash the killer bee!
You kill the killer bee!
You miss the killer bee. x2; You barely miss the killer bee. x2
You feel very sick. The killer bee barely misses you.
The killer bee stings you.
The killer bee closely misses you. x2; The killer bee stings you.
You are lethally poisoned!
The killer bee poisons you! The killer bee misses you. You furiously retaliate!
You headbutt the killer bee. You block the killer bee's attack. x2
6338 ||| READING scroll of teleportation.
As you read the scroll of teleportation, it crumbles to dust.
You feel strangely unstable.
You feel very sick. The killer bee barely misses you.
The killer bee stings you! The killer bee stings you.
You die...

#.#..###
#.#....##
#...##..#
#######.## #..#
##########.###
.............###
.?....y........#
......y@....##.#
.....$%yy...# ..
.....h......# ..
.......<..(.+ .
............#
............#
..........?..
..#######.....


You could see a howler monkey and 4 killer bees.

Vanquished Creatures
  A wyvern (D:5)
  An ice beast (D:5)
  2 ogres
  A phantom (D:5)
  3 necrophages (D:5)
  A scorpion (D:5)
  2 killer bees (D:6)
  3 jellies
  A gnoll bouda (D:4)
  2 hounds
  An orc priest (D:5)
  Jessica (D:2)
  An orc wizard (D:4)
  3 scorpion zombies
  2 hound zombies (D:4)
  11 adders
  5 gnolls (D:4)
  3 river rats (D:3)
  A white imp (D:5)
  An ufetubus (D:5)
  An adder zombie (D:4)
  4 worms
  A dart slug (D:1)
  8 orcs
  5 ball pythons
  4 endoplasms
  3 giant cockroaches
  5 goblins
  9 hobgoblins
  7 jackals
  4 quokkas
  7 bats
  3 frilled lizards
  7 kobolds
  7 rats
121 creatures vanquished.

Vanquished Creatures (others)
  2 plants (D:2)
2 creatures vanquished.

Grand Total: 123 creatures vanquished

Notes
Turn   | Place    | Note
-------+----------+-------------------------------------------
     0 | D:1      | qw the Minotaur Fighter began the quest for the Orb.
     0 | D:1      | Reached XP level 1. HP: 19/19 MP: 0/0
     0 | D:1      | 0 ||| qw: Version: 0.1-a-104-g96f76f8
     0 | D:1      | 0 ||| qw: Game counter: 5900
     0 | D:1      | 0 ||| qw: Always use a shield: true
     0 | D:1      | 0 ||| qw: God list: Ru
     0 | D:1      | 0 ||| qw: Allow faded altars: false
     0 | D:1      | 0 ||| qw: Do Orc after D:15 true
     0 | D:1      | 0 ||| qw: Do second Lair branch before Depths: true
     0 | D:1      | 0 ||| qw: Lair rune preference: random
     0 | D:1      | 0 ||| qw: Plans: Normal
     0 | D:1      | 0 ||| PLANNING D:1-11
   108 | D:1      | Reached skill level 3 in Axes
   166 | D:1      | Reached XP level 2. HP: 26/26 MP: 1/1
   255 | D:1      | Reached skill level 4 in Axes
   461 | D:1      | Reached XP level 3. HP: 29/31 MP: 2/2
   662 | D:1      | Found a faded altar of an unknown god.
   718 | D:1      | 718 ||| DROPPING scarf of invisibility.
   719 | D:1      | 719 ||| READING scroll labelled TAUNOLL SUAPN.
   722 | D:1      | 722 ||| READING scroll labelled SEICZAR MALE.
   723 | D:1      | 723 ||| DRINKING 2 green potions.
   724 | D:1      | 724 ||| DRINKING 2 bubbling cyan potions.
   724 | D:1      | Gained mutation: You have hidden genetic potential. [potion
                  | of mutation]
   724 | D:1      | Gained mutation: Your spells are a little harder to cast,
                  | but a little more powerful. [potion of mutation]
   724 | D:1      | Gained mutation: You sometimes lose your temper in combat.
                  | [potion of mutation]
   725 | D:1      | 725 ||| DRINKING potion of mutation.
   725 | D:1      | Lost mutation: You have hidden genetic potential. [potion
                  | of mutation]
   725 | D:1      | Lost mutation: Your spells are a little harder to cast, but
                  | a little more powerful. [potion of mutation]
   725 | D:1      | Gained mutation: Your spells are a little harder to cast,
                  | but a little more powerful. [potion of mutation]
   725 | D:1      | Gained mutation: You have a pair of large horns on your
                  | head. [potion of mutation]
   726 | D:1      | 726 ||| DROPPING potion of flight.
   885 | D:2      | 885 ||| Stepping ~*~*~tactically~*~*~ (stealth).
   886 | D:2      | 886 ||| Stepping ~*~*~tactically~*~*~ (stealth).
   887 | D:2      | 887 ||| FLEEEEING.
   898 | D:2      | Reached skill level 5 in Axes
   952 | D:2      | 952 ||| Stepping ~*~*~tactically~*~*~ (stealth).
   960 | D:2      | Reached skill level 1 in Dodging
   960 | D:2      | Reached XP level 4. HP: 39/39 MP: 3/3
  1074 | D:2      | Noticed Jessica
  1075 | D:2      | Killed Jessica
  1115 | D:2      | Found Apis's Assorted Antiques.
  1155 | D:2      | 1155 ||| BUYING flail (63 gold).
  1155 | D:2      | Bought a flail for 63 gold pieces
  1155 | D:2      | 1155 ||| BUYING golden potion (16 gold).
  1155 | D:2      | Bought a golden potion for 16 gold pieces
  1155 | D:2      | 1155 ||| BUYING purple potion (16 gold).
  1155 | D:2      | Bought a purple potion for 16 gold pieces
  1155 | D:2      | 1155 ||| SHOPLISTING scroll labelled ZOENUUGEKE (18 gold,
                  | have 12).
  1155 | D:2      | 1155 ||| DROPPING +0 club.
  1206 | D:2      | Reached skill level 6 in Axes
  1420 | D:2      | 1420 ||| UPGRADING to scarf of resistance.
  1425 | D:2      | 1425 ||| DROPPING +6 ring of intelligence.
  1426 | D:2      | 1426 ||| DRINKING 2 orange potions.
  1427 | D:2      | 1427 ||| DRINKING 2 golden potions.
  1433 | D:3      | 1433 ||| PLANNING SEWER
  1633 | D:3      | Reached XP level 5. HP: 45/45 MP: 4/4
  2104 | D:3      | 2104 ||| RIP SEWER
  2105 | D:3      | 2105 ||| PLANNING D:1-11
  2186 | D:3      | Found a runed translucent door.
  2187 | D:3      | Noticed qw's ghost (amateur BaCK)
  2418 | D:3      | Reached skill level 7 in Axes
  2687 | D:3      | Found a runed translucent door.
  2710 | D:3      | 2710 ||| DROPPING ring of magical power.
  2711 | D:3      | 2711 ||| READING scroll labelled GELONE FUUNNE.
  2712 | D:3      | 2712 ||| DRINKING 2 lumpy emerald potions.
  2766 | D:3      | 2766 ||| DROPPING potion of lignification.
  2899 | D:4      | 2899 ||| Stepping ~*~*~tactically~*~*~ (stealth).
  2904 | D:4      | 2904 ||| Stepping ~*~*~tactically~*~*~ (stealth).
  2909 | D:4      | Reached XP level 6. HP: 49/52 MP: 5/5
  3212 | D:4      | Reached skill level 8 in Axes
  3250 | D:4      | 3250 ||| Stepping ~*~*~tactically~*~*~ (hiding).
  3262 | D:4      | HP: 10/52 [gnoll/+0 halberd[a gnoll bouda] (10)]
  3746 | D:4      | HP: 12/50 [poisoned by a kobold]
  4159 | D:4      | Reached XP level 7. HP: 48/59 MP: 6/6
  4163 | D:4      | 4163 ||| Stepping ~*~*~tactically~*~*~ (stealth).
  4165 | D:4      | 4165 ||| Stepping ~*~*~tactically~*~*~ (stealth).
  4174 | D:4      | Reached skill level 9 in Axes
  4221 | D:4      | Found a basalt altar of Yredelemnul.
  4432 | D:4      | 4432 ||| DRINKING 2 potions of curing.
  4432 | D:4      | 4432 ||| (to cure confusion)
  4667 | D:4      | 4667 ||| UPGRADING to +2 pair of boots.
  4672 | D:4      | 4672 ||| UPGRADING to ring of resist corrosion.
  4673 | D:4      | 4673 ||| READING scroll labelled CALYNID QIUNO.
  4674 | D:4      | 4674 ||| READING scroll labelled QOEFIHIESACK.
  4709 | D:5      | Entered Level 5 of the Dungeon
  4727 | D:5      | 4727 ||| Stepping ~*~*~tactically~*~*~ (hiding).
  4759 | D:5      | 4759 ||| Stepping ~*~*~tactically~*~*~ (stealth).
  4938 | D:5      | 4938 ||| Stepping ~*~*~tactically~*~*~ (stealth).
  4939 | D:5      | 4939 ||| Stepping ~*~*~tactically~*~*~ (stealth).
  4979 | D:5      | Noticed a wyvern
  4985 | D:5      | Killed a wyvern
  4986 | D:5      | Reached skill level 10 in Axes
  5075 | D:5      | 5075 ||| FLEEEEING.
  5076 | D:5      | 5076 ||| FLEEEEING.
  5079 | D:5      | 5079 ||| FLEEEEING.
  5080 | D:5      | 5080 ||| FLEEEEING.
  5081 | D:5      | 5081 ||| FLEEEEING.
  5082 | D:5      | 5082 ||| FLEEEEING.
  5083 | D:5      | 5083 ||| FLEEEEING.
  5084 | D:5      | 5084 ||| FLEEEEING.
  5085 | D:5      | 5085 ||| FLEEEEING.
  5086 | D:5      | 5086 ||| FLEEEEING.
  5088 | D:5      | 5088 ||| FLEEEEING.
  5089 | D:5      | 5089 ||| FLEEEEING.
  5126 | D:5      | 5126 ||| Stepping ~*~*~tactically~*~*~ (stealth).
  5154 | D:5      | Reached XP level 8. HP: 69/69 MP: 7/7
  5471 | D:5      | 5471 ||| DROPPING +0 flail.
  5489 | D:5      | Reached skill level 6 in Fighting
  5847 | D:5      | Found a glowing silver altar of Zin.
  5852 | D:5      | Found a snail-covered altar of Cheibriados.
  6041 | D:5      | Found a staircase to the Ecumenical Temple.
  6042 | D:5      | 6042 ||| PLANNING TEMPLE
  6042 | D:5      | 6042 ||| READING scroll labelled XORAW IW SAMM.
  6143 | D:5      | 6143 ||| READING 2 scrolls labelled WIRUOSSOC.
  6144 | D:5      | 6144 ||| READING scroll labelled UMETIECWOCS.
  6145 | D:5      | 6145 ||| DRINKING 2 lumpy grey potions.
  6146 | D:5      | 6146 ||| READING 4 scrolls of identify.
  6146 | D:5      | 6146 ||| IDENTIFYING inky potion
  6147 | D:5      | 6147 ||| READING 3 scrolls of identify.
  6147 | D:5      | 6147 ||| IDENTIFYING murky dark potion
  6148 | D:5      | 6148 ||| READING 2 scrolls of identify.
  6148 | D:5      | 6148 ||| IDENTIFYING purple potion
  6149 | D:5      | 6149 ||| DROPPING potion of brilliance.
  6150 | D:5      | 6150 ||| DROPPING potion of degeneration.
  6151 | D:5      | 6151 ||| DROPPING potion of ambrosia.
  6152 | D:5      | 6152 ||| DROPPING scroll of fear.
  6161 | Temple   | Entered the Ecumenical Temple
  6162 | Temple   | 6162 ||| Stepping randomly (stuck).
  6163 | Temple   | 6163 ||| PLANNING D:1-11
  6220 | D:6      | Found Neoqaifi's Antique Armour Shoppe.
  6229 | D:6      | Reached skill level 11 in Axes
  6229 | D:6      | 6229 ||| STAIRDANCE
  6295 | D:6      | 6295 ||| SHOPLISTING bloodstained ice dragon scales (1430
                  | gold, have 130).
  6295 | D:6      | 6295 ||| BUYING chain mail (99 gold).
  6295 | D:6      | Bought a chain mail for 99 gold pieces
  6295 | D:6      | 6295 ||| SHOPLISTING cloak (99 gold, have 31).
  6295 | D:6      | 6295 ||| SHOPLISTING glowing scale mail (154 gold, have
                  | 31).
  6295 | D:6      | 6295 ||| SHOPLISTING plate armour (506 gold, have 31).
  6337 | D:6      | HP: 17/70 [killer bee (1)]
  6338 | D:6      | 6338 ||| READING scroll of teleportation.
  6338 | D:6      | HP: 4/70 [killer bee (8)]
  6338 | D:6      | Slain by a killer bee

Levels and vault maps discovered:
D:1:      nicolae_arrival_memento_mori, layout_rooms,
          dreamdust_ecumenical_altar_statues, hangedman_decor_points
D:2:      layout_rooms, serial_shops, nicolae_shop_overgrown_old_shop,
          minmay_pentomino_x2, uniq_jessica
D:3:      layout_loops_corners, serial_undead, serial_undead_e, serial_undead_c,
          serial_undead_e, serial_undead_e, lightli_sewer_entry_pipes,
          ebering_ghost_sewer_f, minivault_26
D:4:      layout_loops_ring, nicolae_yredelemnul_corpse_copse
D:5:      layout_basic, mainiacjoe_overflow_big_doors, lemuel_temple_firewalk_b,
          hangedman_abyss_or_decor_jellyfish_corner, kennysheep_flooded_box
D:6:      layout_basic, ashenzari_altar_1, tso_metal_star, serial_shops, shop,
          minivault_23, st_stairs_13, minivault_10, uniq_edmund
Temple:   nicolae_temple_no_exploring_needed

Skill      XL: |  1  2  3  4  5  6  7  8 |
---------------+-------------------------+-----
Axes           | 3 4 5 6 7 8 10 11 | 11.1
Dodging        | 1 2 |  2.5
Fighting       | 4 5 6 |  6.1
Shields        | 4 |  4.3
Armour         | |  3.6

Action                   |  1- 3 |  4- 6 |  7- 9 || total
-------------------------+-------+-------+-------++-------
Melee: War axe           |    79 |   165 |   104 ||   348
       Headbutt          |    11 |    20 |    18 ||    49
  Use: Potion            |     3 |     3 |     2 ||     8
       Scroll            |     2 |     1 |     9 ||    12
Armor: Scale mail        |    36 |    41 |    37 ||   114
Dodge: Dodged            |    28 |    69 |    49 ||   146
Block: Buckler           |    13 |    33 |    22 ||    68

Table legend:
 A = Non-vault XP
 B = Vault XP
 C = Vault XP percentage of total XP
 D = Non-vault monster count
 E = Vault monster count
 F = Vault count percentage of total count
                 A         B        C        D         E       F
            +---------+---------+-------+---------+---------+-------
      Total |    1810 |     275 |  13.2 |     102 |      19 |  15.7
            +---------+---------+-------+---------+---------+-------
        D:1 |      49 |       0 |   0.0 |      28 |       0 |   0.0
        D:2 |     102 |      40 |  28.2 |      19 |       3 |  13.6
        D:3 |      18 |     112 |  86.2 |      12 |      11 |  47.8
        D:4 |     408 |     123 |  23.2 |      22 |       5 |  18.5
        D:5 |     946 |       0 |   0.0 |      17 |       0 |   0.0
        D:6 |     287 |       0 |   0.0 |       4 |       0 |   0.0
            +---------+---------+-------+---------+---------+-------
